 Dungeon Crawl Stone Soup version 0.22.0-49-gab54619 (webtiles) character file.

198 Folque the Vexing (level 5, -1/53 HPs)
             Began as an Ogre Arcane Marksman on Sept 6, 2018.
             Killed from afar by an orc wizard (4 damage)
             ... with a magic dart
             ... on level 3 of the Dungeon.
             The game lasted 00:18:24 (2906 turns).

Folque the Vexing (Ogre Arcane Marksman)            Turns: 2906, Time: 00:18:24

Health: -1/53      AC:  3    Str: 11 (14) XL:     5   Next: 76%
Magic:  9/10       EV: 15    Int: 12 (14) God:
Gold:   134        SH:  0    Dex: 12 (15) Spells: 1/10 levels left

rFire    . . .     SeeInvis .   w - +0 rapier
rCold    . . .     Gourm    .   (no shield)
rNeg     . . .     Faith    .   a - +0 robe
rPois    .         Spirit   .   (helmet restricted)
rElec    .         Reflect  .   (no cloak)
rCorr    .         Harm     .   (gloves unavailable)
MR       .....                  (boots unavailable)
Stlth    ++........             (no amulet)
HPRegen  0.17/turn              (no ring)
MPRegen  0.12/turn              (no ring)

@: agile, slowed, very slow
A: large, unfitting armour, tough skin 1
a: no special abilities


You were on level 3 of the Dungeon.
You were hungry.

You visited 1 branch of the dungeon, and saw 3 of its levels.

You collected 134 gold pieces.

Inventory:

Hand Weapons
 i - a +0 hunting sling
 n - a +0 short sword
 w - a +0 rapier (weapon)
Missiles
 o - 82 stones (quivered)
 u - 7 poisoned needles
Armour
 a - a +0 robe (worn)
Jewellery
 h - an uncursed ring of stealth {unknown}
 k - a +4 ring of strength {unknown}
 t - a cursed ring of stealth {unknown}
Scrolls
 e - 2 scrolls of magic mapping
 j - 4 scrolls of identify
 m - a scroll of remove curse
Potions
 l - a potion of agility
Comestibles
 f - 2 rations


   Skills:
 - Level 3.0 Fighting
 - Level 2.0 Throwing
 - Level 1.7 Dodging
 + Level 3.3 Spellcasting
 * Level 4.0 Hexes
 - Level 1.2 Translocations
 * Level 1.1 Fire Magic


You had one spell level left.
You knew the following spells:

 Your Spells              Type           Power        Failure   Level  Hunger
a - Corona                Hex            ##.....      4%          1    #......
b - Slow                  Hex            ##......     7%          2    ##.....
c - Portal Projectile     Hex/Tloc       #.....       24%         3    ###....
d - Inner Flame           Hex/Fire       #.......     24%         3    ###....

Your spell library contained the following spells:

 Spells                   Type           Power        Failure   Level  Hunger
 Cause Fear               Hex            ##........   41%         4    #####..
 Leda's Liquefaction      Hex/Erth       #.........   71%         4    #####..


Dungeon Overview and Level Annotations

Branches:
Dungeon (3/15)

Altars:
The Shining One
Beogh


Innate Abilities, Weirdness & Mutations

You are too large for most types of armour.
You have tough skin. (AC +1)


Message History

It was a potion of magic.
Magic courses through your body. The orc wizard hits you with a dagger.
* * * LOW HITPOINT WARNING * * *
The orc wizard misses you. The orc misses you.
Casting: Corona (safe; 4% risk of failure)
Confirm with . or Enter, or press ? or * to list all spells.
Aiming: Corona (safe; 4% risk of failure)
Press: ? - help, Shift-Dir - straight line, f/p - orc wizard
Aim: an orc wizard, wielding a dagger and wearing a robe (heavily wounded, The orc wizard is outlined in light.
The orc wizard hits you but does no damage.
The orc wizard gestures at you while chanting.
You feel as though you will be slow longer.
The orc misses you.
You hit the orc wizard.
The orc wizard is almost dead.
The orc wizard barely misses you.
The orc wizard gestures at you while chanting.
The magic dart hits you!
You die...

#.........# ###....#<.#
.###........####
#................
#>#############...#####
#(..).# _.##^....#
#.####(# s8.#..##.##
#o# o$.#..#...# #@#
o8$#..#...# #o####
..#####...# #.#..##'###
#...#
#....s..#.####...#
###>##.##.........
#...............
......#.##....(....
.#.#.......##.#...#
#.##....####.#...#


You could see an orc wizard and an orc.

Vanquished Creatures
  2 orc priests
  Terence (D:1)
  An orc wizard (D:3)
  2 adders
  2 oozes
  2 worms
  5 dart slugs
  A leopard gecko (D:2)
  An orc (D:3)
  5 giant cockroaches
  2 goblins (D:1)
  4 hobgoblins
  3 jackals (D:1)
  A quokka (D:3)
  3 bats
  A frilled lizard (D:2)
  5 kobolds
  7 rats
48 creatures vanquished.

Notes
Turn   | Place    | Note
-------+----------+-------------------------------------------
     0 | D:1      | Folque the Ogre Arcane Marksman began the quest for the
                  | Orb.
     0 | D:1      | Reached XP level 1. HP: 19/19 MP: 2/2
   159 | D:1      | Reached XP level 2. HP: 19/29 MP: 0/3
   169 | D:1      | Learned a level 2 spell: Slow
   440 | D:1      | Reached skill level 3 in Hexes
   572 | D:1      | Reached XP level 3. HP: 25/37 MP: 3/5
   728 | D:1      | Learned a level 3 spell: Portal Projectile
   981 | D:2      | Found a glowing golden altar of the Shining One.
  1429 | D:2      | Reached XP level 4. HP: 23/45 MP: 3/8
  1437 | D:2      | Learned a level 3 spell: Inner Flame
  1777 | D:2      | Noticed Terence
  1832 | D:1      | Killed Terence
  2456 | D:2      | Reached skill level 1 in Translocations
  2456 | D:2      | Reached XP level 5. HP: 30/53 MP: 9/9
  2816 | D:3      | Found a roughly hewn altar of Beogh.
  2892 | D:3      | Reached skill level 4 in Hexes
  2892 | D:3      | Reached skill level 1 in Fire Magic
  2904 | D:3      | HP: 2/53 [orc wizard/dagger (1)]
  2906 | D:3      | Killed from afar by an orc wizard

Skill      XL: |  1  2  3  4  5 |
---------------+----------------+-----
Fighting       | 2 3 |  3.0
Hexes          | 3 4 |  4.0
Spellcasting   | 3 |  3.3
Translocations | 1 |  1.2
Fire Magic     | 1 |  1.1
Throwing       | |  2.0
Dodging        | |  1.7

Action                   |  1- 3 |  4- 6 || total
-------------------------+-------+-------++-------
Melee: Unarmed           |    15 |       ||    15
       Mace              |    10 |       ||    10
       Dagger            |    66 |       ||    66
       Short sword       |    69 |    51 ||   120
       Rapier            |       |    40 ||    40
Throw: Large rock        |       |     7 ||     7
       Throwing net      |       |     3 ||     3
 Cast: Corona            |    42 |    19 ||    61
       Slow              |     5 |     8 ||    13
       Portal Projectile |       |     3 ||     3
       Inner Flame       |       |     2 ||     2
  Use: Scroll            |     1 |     4 ||     5
       Potion            |       |     9 ||     9
  Eat: Chunk             |     1 |     4 ||     5
       Ration            |     1 |       ||     1
Armor: Robe              |    60 |    20 ||    80
       Skin              |       |    97 ||    97
Dodge: Dodged            |    89 |    55 ||   144
